Nordiques vs Blackhawks
Created - April 5, 2018 at 19:46
Goals
|
| Nordiques |
0 |
2 |
1 |
0 |
1 |
4 |
| Blackhawks |
1 |
1 |
1 |
0 |
0 |
3 |
|
Shots
|
| Nordiques |
6 |
5 |
16 |
0 |
3 |
27 |
| Blackhawks |
10 |
6 |
3 |
0 |
3 |
19 |
|
1st period
1. Blackhawks , Tomas Fleischmann 14 (Peter Regin 23, Tyler Kennedy 10) at 19:50
Penalties :
Chad Larose (Chi) for Holding (Minor) at 5:43, Tyler Kennedy (Chi) for Hooking (Minor) at 14:47
2nd period
2. Nordiques , Daniel Briere 36 (Marek Svatos 43) at 2:23
3. Nordiques , Jean-Pierre Dumont 13 (Fedor Tyutin 18) at 2:56
4. Blackhawks , Taylor Pyatt 4 (Ryan Johansen 14) at 18:50
Penalties :
Taylor Pyatt (Chi) for Cross-checking (Minor) at 4:43, Ryan Ellis (Que) for Holding (Minor) at 19:03
3rd period
5. Nordiques , Ryan Ellis 8 (Rich Peverley 12) at 14:30
6. Blackhawks , Derick Brassard 31 (Joni Pitkanen 20, Mike Green 35) at 14:48
Penalties :
Chad Larose (Chi) for Hooking (Minor) at 1:00, Tyler Kennedy (Chi) for Roughing (Double Minor) at 7:00
Overtime #1
No Goal
Penalties :
No Penalty
Shootout
Penalty Shot by Marek Svatos for Nordiques - Stopped by Jimmy Howard
Penalty Shot by Derick Brassard for Blackhawks - Stopped by Jonathan Quick
Penalty Shot by Tim Connolly for Nordiques - Goal!
Penalty Shot by Antoine Roussel for Blackhawks - Stopped by Jonathan Quick
Penalty Shot by Vladimir Tarasenko for Nordiques - Shot Misses the Net
Penalty Shot by Peter Regin for Blackhawks - Stopped by Jonathan Quick
Penalties :
No Penalty
Goalie Stats
Jonathan Quick (Que), 16 saves from 19 shots - (0.842), W, 31-19-8, 65:00 minutes
Jimmy Howard (Chi), 24 saves from 27 shots - (0.889), OTL, 21-31-13, 65:00 minutes
Players Stats for Nordiques
Player Name G A P +/- PIM S H SB GA TA FO MP PP MP PK MP
------------------------------------------------------------------------------------
Daniel Briere 1 0 1 1 0 7 3 1 0 1 17/27 23:51 6:58 0:00
Dustin Byfuglien 0 0 0 -1 0 0 3 2 0 2 0/0 15:21 3:12 0:09
Fedor Tyutin 0 1 1 0 0 0 2 1 0 0 0/0 28:45 6:18 1:48
Jean-Pierre Dumont 1 0 1 0 0 5 2 0 0 0 0/0 13:09 1:00 0:00
Kyle Calder 0 0 0 -1 0 1 2 0 0 1 1/2 17:49 4:05 0:12
Marek Svatos 0 1 1 0 0 1 0 1 2 1 2/4 24:10 6:52 1:20
Mark Eaton 0 0 0 -1 0 0 0 3 0 1 0/0 25:34 4:38 1:31
Matt Gilroy 0 0 0 0 0 0 0 2 0 0 0/0 16:22 1:33 0:00
Matt Moulson 0 0 0 0 0 2 0 0 1 0 0/0 12:14 0:50 0:00
Michael Ryder 0 0 0 1 0 0 2 1 0 0 0/0 8:12 0:05 0:00
Nikolai Kulemin 0 0 0 1 0 0 1 0 0 0 0/0 7:56 0:00 0:00
Paul Gaustad 0 0 0 0 0 2 1 0 0 0 1/3 12:57 0:50 0:12
R.J. Umberger 0 0 0 0 0 4 2 1 1 0 1/1 22:57 6:51 0:25
Rich Peverley 0 1 1 1 0 1 0 0 1 0 1/1 7:56 0:00 0:00
Ryan Ellis 1 0 1 1 2 3 3 0 2 1 0/0 26:40 6:37 0:00
T.J. Fast 0 0 0 0 0 1 2 2 1 0 0/0 15:58 1:19 0:26
Tim Connolly 0 0 0 -1 0 0 3 0 1 0 3/9 19:38 4:12 1:20
Vladimir Tarasenko 0 0 0 -1 0 0 0 0 1 1 1/1 18:31 4:05 0:25
Players Stats for Blackhawks
Player Name G A P +/- PIM S H SB GA TA FO MP PP MP PK MP
------------------------------------------------------------------------------------
Antoine Roussel 0 0 0 1 0 1 0 0 1 1 0/0 22:16 1:12 6:05
Chad Larose 0 0 0 1 4 0 1 0 0 1 0/0 14:10 1:11 0:00
Denis Grebeshkov 0 0 0 1 0 1 0 2 1 1 0/0 23:17 0:50 4:57
Derick Brassard 1 0 1 1 0 2 1 2 0 2 12/31 25:18 1:12 6:04
Jaden Schwartz 0 0 0 0 0 0 0 0 1 0 1/1 9:04 0:00 1:53
Joni Pitkanen 0 1 1 -1 0 0 6 0 1 1 0/0 27:01 1:07 6:17
Kevin Marshall 0 0 0 0 0 1 1 0 0 0 0/0 14:04 0:00 0:39
Kyle Brodziak 0 0 0 0 0 0 1 0 0 0 0/1 4:52 0:00 0:03
Ladislav Smid 0 0 0 1 0 0 1 0 0 0 0/0 23:30 0:50 4:57
Mike Green 0 1 1 -1 0 5 3 0 0 1 0/0 27:03 1:07 6:17
Peter Regin 0 1 1 -1 0 2 2 0 2 1 6/9 20:33 0:45 3:42
Ryan Johansen 0 1 1 0 0 1 3 1 1 1 2/4 15:27 0:00 2:17
Spencer Machacek 0 0 0 0 0 0 2 0 0 0 0/0 12:01 0:00 0:00
Steve Ott 0 0 0 0 0 0 0 0 0 0 0/1 5:42 0:00 0:00
Taylor Pyatt 1 0 1 0 2 1 2 0 0 0 0/0 13:28 0:00 0:00
Tomas Fleischmann 1 0 1 -1 0 2 1 0 0 1 0/0 20:27 0:45 3:42
Tomas Kaberle 0 0 0 0 0 0 0 2 0 0 0/0 14:04 0:00 0:39
Tyler Kennedy 0 1 1 -1 6 3 4 1 1 0 0/1 15:43 0:45 0:00
3 Stars
1 - Daniel Briere (Que)
2 - Derick Brassard (Chi)
3 - Jean-Pierre Dumont (Que)
Power Play
Nordiques - 0 on 6 Attempt(s) - 0.00%
Blackhawks - 0 on 1 Attempt(s) - 0.00%
Penalty Kill
Nordiques - 1 on 1 Attempt(s) - 100.00%
- Score 0 goal in Penalty Kill
Blackhawks - 6 on 6 Attempt(s) - 100.00%
- Score 0 goal in Penalty Kill
Team Stat
Nordiques - Hits : 26 - Faceoff Wins : 27 - Blocked Shots : 14 - Penalty Minutes : 2
Blackhawks - Hits : 28 - Faceoff Wins : 21 - Blocked Shots : 8 - Penalty Minutes : 12
Official
Referees : O'Halloran Dan and Charron Francis
Linesman : Brad Lazarowich and Brad Kovachik
Game Notes
Dustin Byfuglien is injured at 2:51 of 3rd period (Left Forearm)
Finance
Level 1 -- Attendance: 4224 (70.40%) -- Ticket Income $413,952
Level 2 -- Attendance: 3676 (73.52%) -- Ticket Income $231,588
Level 3 -- Attendance: 1277 (63.85%) -- Ticket Income $53,634
Level 4 -- Attendance: 2829 (70.73%) -- Ticket Income $87,699
Luxury Box -- Attendance: 625 (62.50%) -- Ticket Income $111,250
Game was played at the Rexall Place.
Total Attendance: 12631 (70.17%)
Total Ticket Income: $898,123
Other Income: $134,718
Total Income: $1,032,841
Nordiques
5 vs 5 Forward
Center Left Wing Right Wing Time % Phy DF OF
1 Daniel Briere R.J. Umberger Marek Svatos 40 1 1 3
2 Tim Connolly Kyle Calder Vladimir Tarasenko 30 1 1 3
3 Paul Gaustad Matt Moulson Jean-Pierre Dumont 20 1 1 3
4 Rich Peverley Nikolai Kulemin Michael Ryder 10 1 1 3
5 vs 5 Defense
Defense Defense Time % Phy DF OF
1 Fedor Tyutin Ryan Ellis 40 1 3 1
2 Dustin Byfuglien Mark Eaton 30 1 3 1
3 T.J. Fast Matt Gilroy 20 1 3 1
4 Fedor Tyutin Ryan Ellis 10 1 3 1
PowerPlay Forward
Center Left Wing Right Wing Time % Phy DF OF
1 Daniel Briere R.J. Umberger Marek Svatos 60 0 0 5
2 Tim Connolly Kyle Calder Vladimir Tarasenko 40 0 0 5
PowerPlay Defense
Defense Defense Time % Phy DF OF
1 Fedor Tyutin Ryan Ellis 60 0 2 3
2 Dustin Byfuglien Mark Eaton 40 0 2 3
Penalty Kill 4 Players Forward
Center Wing Time % Phy DF OF
1 Marek Svatos Tim Connolly 60 1 4 0
2 Vladimir Tarasenko R.J. Umberger 40 1 4 0
Penalty Kill 4 Players Defense
Defense Defense Time % Phy DF OF
1 Fedor Tyutin Ryan Ellis 60 2 3 0
2 Dustin Byfuglien Mark Eaton 40 2 3 0
Penalty Kill - 3 Players Forward
Forward Time % Phy DF OF
1 Marek Svatos 60 0 5 0
2 Tim Connolly 40 0 5 0
Penalty Kill - 3 Players Defense
Defense Defense Time % Phy DF OF
1 Fedor Tyutin Ryan Ellis 60 1 4 0
2 Dustin Byfuglien Mark Eaton 40 1 4 0
4 vs 4 Forward
Center Wing Time % Phy DF OF
1 Daniel Briere Tim Connolly 60 1 1 3
2 Vladimir Tarasenko R.J. Umberger 40 1 1 3
4 vs 4 Defense
Defense Defense Time % Phy DF OF
1 Fedor Tyutin Ryan Ellis 60 1 3 1
2 Dustin Byfuglien Mark Eaton 40 1 3 1
Last Minutes Offensive
Center Left Wing Right Wing Defense Defense
Daniel Briere R.J. Umberger Marek Svatos Fedor Tyutin Ryan Ellis
Last Minutes Defensive
Center Left Wing Right Wing Defense Defense
Tim Connolly R.J. Umberger Marek Svatos Fedor Tyutin Ryan Ellis
Goaltenders
Starting : Jonathan Quick
Backup : Julien Ellis
Extra Forwards
Normal : Vladimir Tarasenko, Daniel Briere, Marek Svatos - PP : Vladimir Tarasenko, Daniel Briere - PK : Paul Gaustad
Extra Defensemen
Normal : Ryan Ellis, Fedor Tyutin, Dustin Byfuglien - PP : Ryan Ellis - PK : Mark Eaton, T.J. Fast
Penalty Shots
Marek Svatos, Tim Connolly, Vladimir Tarasenko, R.J. Umberger, Daniel Briere
Scratches
Bruno Gervais (Broken Left Foot Toe Injury)
Blackhawks
5 vs 5 Forward
Center Left Wing Right Wing Time % Phy DF OF
1 Derick Brassard Antoine Roussel Chad Larose 40 1 2 2
2 Peter Regin Tomas Fleischmann Tyler Kennedy 30 1 2 2
3 Ryan Johansen Taylor Pyatt Spencer Machacek 20 1 2 2
4 Steve Ott Jaden Schwartz Derick Brassard 10 1 2 2
5 vs 5 Defense
Defense Defense Time % Phy DF OF
1 Mike Green Joni Pitkanen 40 1 2 2
2 Denis Grebeshkov Ladislav Smid 30 1 2 2
3 Tomas Kaberle Kevin Marshall 20 1 2 2
4 Mike Green Joni Pitkanen 10 1 2 2
PowerPlay Forward
Center Left Wing Right Wing Time % Phy DF OF
1 Derick Brassard Antoine Roussel Chad Larose 60 1 2 2
2 Peter Regin Tomas Fleischmann Tyler Kennedy 40 1 2 2
PowerPlay Defense
Defense Defense Time % Phy DF OF
1 Mike Green Joni Pitkanen 60 1 2 2
2 Denis Grebeshkov Ladislav Smid 40 1 2 2
Penalty Kill 4 Players Forward
Center Wing Time % Phy DF OF
1 Derick Brassard Antoine Roussel 60 1 2 2
2 Peter Regin Tomas Fleischmann 40 1 2 2
Penalty Kill 4 Players Defense
Defense Defense Time % Phy DF OF
1 Mike Green Joni Pitkanen 60 1 2 2
2 Denis Grebeshkov Ladislav Smid 40 1 2 2
Penalty Kill - 3 Players Forward
Forward Time % Phy DF OF
1 Derick Brassard 60 1 2 2
2 Antoine Roussel 40 1 2 2
Penalty Kill - 3 Players Defense
Defense Defense Time % Phy DF OF
1 Mike Green Joni Pitkanen 60 1 2 2
2 Denis Grebeshkov Ladislav Smid 40 1 2 2
4 vs 4 Forward
Center Wing Time % Phy DF OF
1 Derick Brassard Antoine Roussel 60 1 2 2
2 Peter Regin Tomas Fleischmann 40 1 2 2
4 vs 4 Defense
Defense Defense Time % Phy DF OF
1 Mike Green Joni Pitkanen 60 1 2 2
2 Denis Grebeshkov Ladislav Smid 40 1 2 2
Last Minutes Offensive
Center Left Wing Right Wing Defense Defense
Derick Brassard Antoine Roussel Chad Larose Mike Green Joni Pitkanen
Last Minutes Defensive
Center Left Wing Right Wing Defense Defense
Derick Brassard Antoine Roussel Chad Larose Mike Green Joni Pitkanen
Goaltenders
Starting : Jimmy Howard
Backup : Al Montoya
Extra Forwards
Normal : Kyle Brodziak, Taylor Pyatt, Ryan Johansen - PP : Kyle Brodziak, Taylor Pyatt - PK : Ryan Johansen
Extra Defensemen
Normal : Tomas Kaberle, Kevin Marshall, Denis Grebeshkov - PP : Tomas Kaberle - PK : Kevin Marshall, Denis Grebeshkov
Penalty Shots
Derick Brassard, Antoine Roussel, Peter Regin, Tomas Fleischmann, Chad Larose
Scratches
None
% Time on Ice - Nordiques
Lines # - Real PCT - Wanted PCT - Time Play
Normal Forward
1 - 33% - 40% - 15:14
2 - 26% - 30% - 12:00
3 - 24% - 20% - 10:58
4 - 17% - 10% - 7:56
Normal Defense
1 - 33% - 40% - 15:05
2 - 40% - 30% - 18:23
3 - 26% - 20% - 12:10
4 - 1% - 10% - 0:30
PP Forward
1 - 64% - 60% - 7:39
2 - 36% - 40% - 4:14
PP Defense
1 - 48% - 60% - 5:40
2 - 52% - 40% - 6:13
PK Forward
1 - 79% - 60% - 1:32
2 - 21% - 40% - 0:25
PK Defense
1 - 92% - 60% - 1:48
2 - 8% - 40% - 0:09
PK3 Forward
1 - 0% - 60%
2 - 0% - 40%
PK3 Defense
1 - 0% - 60%
2 - 0% - 40%
44 Forward
1 - 80% - 60% - 4:03
2 - 20% - 40% - 0:59
44 Defense
1 - 27% - 60% - 1:22
2 - 73% - 40% - 3:40
Last Minute Offensive - 0:00
Last Minute Defensive - 0:00
Total
Forward - 65:00
Defense - 65:00
|
% Time on Ice - Blackhawks
Lines # - Real PCT - Wanted PCT - Time Play
Normal Forward
1 - 30% - 40% - 13:50
2 - 33% - 30% - 15:17
3 - 25% - 20% - 11:32
4 - 12% - 10% - 5:29
Normal Defense
1 - 37% - 40% - 16:58
2 - 34% - 30% - 15:32
3 - 28% - 20% - 12:58
4 - 1% - 10% - 0:40
PP Forward
1 - 62% - 60% - 1:12
2 - 38% - 40% - 0:45
PP Defense
1 - 57% - 60% - 1:07
2 - 43% - 40% - 0:50
PK Forward
1 - 69% - 60% - 8:11
2 - 31% - 40% - 3:42
PK Defense
1 - 58% - 60% - 6:56
2 - 42% - 40% - 4:57
PK3 Forward
1 - 0% - 60%
2 - 0% - 40%
PK3 Defense
1 - 0% - 60%
2 - 0% - 40%
44 Forward
1 - 73% - 60% - 3:41
2 - 27% - 40% - 1:21
44 Defense
1 - 54% - 60% - 2:44
2 - 46% - 40% - 2:18
Last Minute Offensive - 0:00
Last Minute Defensive - 0:00
Total
Forward - 65:00
Defense - 65:00
|
Play by Play
1st period
0:01 of 1st period - Daniel Briere wins face-off versus Derick Brassard in neutral zone.
0:04 of 1st period - Snap shot by R.J. Umberger.
0:04 of 1st period - Shot Blocked by Derick Brassard.
0:52 of 1st period - Snap shot by Jean-Pierre Dumont.
0:52 of 1st period - Stopped by Jimmy Howard with a rebound.
0:54 of 1st period - Slapshot by Dustin Byfuglien.
0:54 of 1st period - Shot Misses the Net.
1:34 of 1st period - Icing by R.J. Umberger.
1:35 of 1st period - Daniel Briere wins face-off versus Derick Brassard in Nordiques zone.
1:35 of 1st period - Daniel Briere is hit by Kevin Marshall.
2:02 of 1st period - Kyle Calder is hit by Tyler Kennedy and loses puck.
3:52 of 1st period - Rich Peverley is hit by Mike Green and loses puck.
4:13 of 1st period - Kevin Marshall is hit by Daniel Briere and loses puck.
4:18 of 1st period - Wrist shot by Daniel Briere.
4:18 of 1st period - Shot Misses the Net.
4:20 of 1st period - Wrist shot by Mark Eaton.
4:20 of 1st period - Shot Misses the Net.
4:51 of 1st period - Icing by Tomas Kaberle.
4:52 of 1st period - Peter Regin wins face-off versus Paul Gaustad in Blackhawks zone.
4:57 of 1st period - Mark Eaton is hit by Joni Pitkanen and loses puck.
5:20 of 1st period - Slapshot by Mike Green.
5:20 of 1st period - Stopped by Jonathan Quick with a rebound.
5:23 of 1st period - Icing by Daniel Briere.
5:24 of 1st period - Daniel Briere wins face-off versus Derick Brassard in Nordiques zone.
5:43 of 1st period - Minor Penalty to Chad Larose for Holding.
5:44 of 1st period - Derick Brassard wins face-off versus Daniel Briere in Blackhawks zone.
6:40 of 1st period - Wrist shot by Antoine Roussel.
6:40 of 1st period - Shot Blocked by R.J. Umberger.
6:42 of 1st period - Slapshot by Tomas Fleischmann.
6:42 of 1st period - Stopped by Jonathan Quick without a rebound.
6:43 of 1st period - Peter Regin wins face-off versus Daniel Briere in Nordiques zone.
6:46 of 1st period - Snap shot by Peter Regin.
6:46 of 1st period - Shot Blocked by Dustin Byfuglien.
6:48 of 1st period - Slapshot by Joni Pitkanen.
6:48 of 1st period - Shot Misses the Net.
7:43 of 1st period - Penalty to Chad Larose is over, Chad Larose is back on ice.
8:22 of 1st period - Snap shot by Tyler Kennedy.
8:22 of 1st period - Shot Blocked by Matt Gilroy.
8:24 of 1st period - Slapshot by Mike Green.
8:24 of 1st period - Shot Blocked by Michael Ryder.
8:26 of 1st period - Snap shot by Tomas Fleischmann.
8:26 of 1st period - Shot Misses the Net.
8:40 of 1st period - Wrist shot by Derick Brassard.
8:40 of 1st period - Shot Misses the Net.
8:42 of 1st period - Snap shot by Tomas Kaberle.
8:42 of 1st period - Deflect By Antoine Roussel.
8:42 of 1st period - Shot Misses the Net.
8:42 of 1st period - Puck is out of play.
8:43 of 1st period - Tim Connolly wins face-off versus Derick Brassard in Nordiques zone.
8:48 of 1st period - Denis Grebeshkov is hit by Tim Connolly and loses puck.
8:55 of 1st period - Tim Connolly is hit by Ladislav Smid and loses puck.
9:57 of 1st period - Wrist shot by Paul Gaustad.
9:57 of 1st period - Stopped by Jimmy Howard with a rebound.
10:13 of 1st period - Tomas Kaberle is hit by Michael Ryder.
10:35 of 1st period - Snap shot by Spencer Machacek.
10:35 of 1st period - Shot Blocked by Fedor Tyutin.
10:37 of 1st period - Slapshot by Tomas Kaberle.
10:37 of 1st period - Deflect By Taylor Pyatt.
10:37 of 1st period - Shot Blocked by Daniel Briere.
10:37 of 1st period - Puck is out of play.
10:38 of 1st period - Peter Regin wins face-off versus Tim Connolly in Nordiques zone.
10:43 of 1st period - Slapshot by Tomas Fleischmann.
10:43 of 1st period - Shot Blocked by T.J. Fast.
10:52 of 1st period - Off-side.
10:53 of 1st period - Daniel Briere wins face-off versus Ryan Johansen in neutral zone.
11:25 of 1st period - Wrist shot by Tomas Fleischmann.
11:25 of 1st period - Shot Misses the Net.
12:18 of 1st period - Ryan Ellis is hit by Joni Pitkanen and loses puck.
12:39 of 1st period - Wrist shot by Michael Ryder.
12:39 of 1st period - Shot Blocked by Tyler Kennedy.
12:53 of 1st period - Snap shot by Mike Green.
12:53 of 1st period - Stopped by Jonathan Quick with a rebound.
12:55 of 1st period - Slapshot by Mike Green.
12:55 of 1st period - Stopped by Jonathan Quick without a rebound.
12:56 of 1st period - Jaden Schwartz wins face-off versus Kyle Calder in Nordiques zone.
12:59 of 1st period - Snap shot by Derick Brassard.
12:59 of 1st period - Stopped by Jonathan Quick without a rebound.
13:00 of 1st period - Daniel Briere wins face-off versus Steve Ott in Nordiques zone.
13:05 of 1st period - Jaden Schwartz is hit by Daniel Briere and loses puck.
13:10 of 1st period - Slapshot by R.J. Umberger.
13:10 of 1st period - Stopped by Jimmy Howard with a rebound.
13:12 of 1st period - Slapshot by Mark Eaton.
13:12 of 1st period - Deflect By R.J. Umberger.
13:12 of 1st period - Shot Misses the Net.
13:12 of 1st period - Puck is out of play.
13:13 of 1st period - Derick Brassard wins face-off versus Daniel Briere in Blackhawks zone.
14:01 of 1st period - Slapshot by Mike Green.
14:01 of 1st period - Shot Blocked by T.J. Fast.
14:03 of 1st period - Slapshot by Mike Green.
14:03 of 1st period - Stopped by Jonathan Quick with a rebound.
14:07 of 1st period - Slapshot by Ryan Johansen.
14:07 of 1st period - Stopped by Jonathan Quick with a rebound.
14:17 of 1st period - T.J. Fast is hit by Derick Brassard and loses puck.
14:43 of 1st period - Snap shot by Daniel Briere.
14:43 of 1st period - Shot Misses the Net.
14:45 of 1st period - Wrist shot by Daniel Briere.
14:45 of 1st period - Shot Misses the Net.
14:47 of 1st period - Minor Penalty to Tyler Kennedy for Hooking.
14:48 of 1st period - Derick Brassard wins face-off versus Marek Svatos in Blackhawks zone.
15:23 of 1st period - Backhand shot by Kyle Calder.
15:23 of 1st period - Stopped by Jimmy Howard without a rebound.
15:24 of 1st period - R.J. Umberger wins face-off versus Peter Regin in Blackhawks zone.
16:47 of 1st period - Penalty to Tyler Kennedy is over, Tyler Kennedy is back on ice.
16:52 of 1st period - Spencer Machacek is hit by Ryan Ellis.
17:20 of 1st period - Steve Ott is hit by Nikolai Kulemin and loses puck.
18:14 of 1st period - Slapshot by Denis Grebeshkov.
18:14 of 1st period - Stopped by Jonathan Quick without a rebound.
18:15 of 1st period - Daniel Briere wins face-off versus Kyle Brodziak in Nordiques zone.
18:56 of 1st period - Icing by Kevin Marshall.
18:57 of 1st period - Paul Gaustad wins face-off versus Tyler Kennedy in Blackhawks zone.
19:06 of 1st period - Snap shot by Tomas Fleischmann.
19:06 of 1st period - Shot Blocked by Dustin Byfuglien.
19:14 of 1st period - Snap shot by Peter Regin.
19:14 of 1st period - Shot Misses the Net.
19:16 of 1st period - Wrist shot by Peter Regin.
19:16 of 1st period - Shot Blocked by Mark Eaton.
19:46 of 1st period - Wrist shot by Peter Regin.
19:46 of 1st period - Stopped by Jonathan Quick with a rebound.
19:48 of 1st period - Snap shot by Tomas Fleischmann.
19:48 of 1st period - Shot Misses the Net.
19:50 of 1st period - Wrist shot by Tomas Fleischmann.
19:50 of 1st period - Goal by Tomas Fleischmann - Nordiques : 0 - Blackhawks : 1.
19:51 of 1st period - Daniel Briere wins face-off versus Derick Brassard in neutral zone.
19:56 of 1st period - Wrist shot by Daniel Briere.
19:56 of 1st period - Stopped by Jimmy Howard with a rebound.
19:58 of 1st period - Snap shot by Daniel Briere.
19:58 of 1st period - Stopped by Jimmy Howard without a rebound.
19:59 of 1st period - Daniel Briere wins face-off versus Derick Brassard in Blackhawks zone.
Goals for this period are 0 for Nordiques vs 1 for Blackhawks.
Shots for this period are 6 for Nordiques vs 10 for Blackhawks.
2nd period
0:01 of 2nd period - Derick Brassard wins face-off versus Daniel Briere in neutral zone.
0:28 of 2nd period - Slapshot by Joni Pitkanen.
0:28 of 2nd period - Shot Misses the Net.
0:30 of 2nd period - Backhand shot by Tyler Kennedy.
0:30 of 2nd period - Stopped by Jonathan Quick with a rebound.
0:32 of 2nd period - Slapshot by Joni Pitkanen.
0:32 of 2nd period - Deflect By Tomas Fleischmann.
0:32 of 2nd period - Shot Misses the Net.
0:32 of 2nd period - Puck is out of play.
0:33 of 2nd period - Peter Regin wins face-off versus Tim Connolly in Nordiques zone.
0:56 of 2nd period - Snap shot by Peter Regin.
0:56 of 2nd period - Shot Misses the Net.
1:40 of 2nd period - Mark Eaton is hit by Peter Regin and loses puck.
2:07 of 2nd period - Peter Regin is hit by Kyle Calder and loses puck.
2:19 of 2nd period - Icing by Tomas Fleischmann.
2:20 of 2nd period - Daniel Briere wins face-off versus Peter Regin in Blackhawks zone.
2:23 of 2nd period - Snap shot by Daniel Briere.
2:23 of 2nd period - Goal by Daniel Briere - Nordiques : 1 - Blackhawks : 1.
2:24 of 2nd period - Daniel Briere wins face-off versus Derick Brassard in neutral zone.
2:49 of 2nd period - Fedor Tyutin is hit by Mike Green and loses puck.
2:56 of 2nd period - Snap shot by Jean-Pierre Dumont.
2:56 of 2nd period - Goal by Jean-Pierre Dumont - Nordiques : 2 - Blackhawks : 1.
2:57 of 2nd period - Derick Brassard wins face-off versus Daniel Briere in neutral zone.
2:59 of 2nd period - Off-side.
3:00 of 2nd period - Marek Svatos wins face-off versus Derick Brassard in neutral zone.
3:32 of 2nd period - Vladimir Tarasenko is hit by Joni Pitkanen and loses puck.
4:11 of 2nd period - Chad Larose is hit by Jean-Pierre Dumont and loses puck.
4:32 of 2nd period - Slapshot by Marek Svatos.
4:32 of 2nd period - Shot Blocked by Ryan Johansen.
4:34 of 2nd period - Slapshot by T.J. Fast.
4:34 of 2nd period - Deflect By Ryan Johansen.
4:34 of 2nd period - Stopped by Jimmy Howard with a rebound.
4:36 of 2nd period - Snap shot by Marek Svatos.
4:36 of 2nd period - Deflect By Daniel Briere.
4:36 of 2nd period - Stopped by Jimmy Howard with a rebound.
4:43 of 2nd period - Minor Penalty to Taylor Pyatt for Cross-checking.
4:44 of 2nd period - Daniel Briere wins face-off versus Derick Brassard in Blackhawks zone.
6:08 of 2nd period - Ryan Johansen is hit by Dustin Byfuglien and loses puck.
6:23 of 2nd period - Snap shot by Peter Regin.
6:23 of 2nd period - Stopped by Jonathan Quick with a rebound.
6:43 of 2nd period - Penalty to Taylor Pyatt is over, Taylor Pyatt is back on ice.
7:45 of 2nd period - Icing by Ladislav Smid.
7:46 of 2nd period - Tim Connolly wins face-off versus Ryan Johansen in Blackhawks zone.
8:04 of 2nd period - Mark Eaton is hit by Taylor Pyatt and loses puck.
9:12 of 2nd period - R.J. Umberger is hit by Taylor Pyatt and loses puck.
9:25 of 2nd period - Daniel Briere is hit by Ryan Johansen and loses puck.
9:54 of 2nd period - Slapshot by Taylor Pyatt.
9:54 of 2nd period - Shot Blocked by Mark Eaton.
10:10 of 2nd period - Spencer Machacek is hit by Dustin Byfuglien.
10:14 of 2nd period - R.J. Umberger is hit by Spencer Machacek.
10:22 of 2nd period - Snap shot by Daniel Briere.
10:22 of 2nd period - Shot Blocked by Denis Grebeshkov.
10:24 of 2nd period - Snap shot by Daniel Briere.
10:24 of 2nd period - Stopped by Jimmy Howard without a rebound.
10:25 of 2nd period - Tim Connolly wins face-off versus Derick Brassard in Blackhawks zone.
10:26 of 2nd period - Slapshot by Ryan Ellis.
10:26 of 2nd period - Shot Misses the Net.
11:14 of 2nd period - Tomas Fleischmann is hit by T.J. Fast and loses puck.
11:33 of 2nd period - Peter Regin is hit by Kyle Calder and loses puck.
11:54 of 2nd period - Snap shot by Antoine Roussel.
11:54 of 2nd period - Stopped by Jonathan Quick with a rebound.
11:56 of 2nd period - Slapshot by Kevin Marshall.
11:56 of 2nd period - Stopped by Jonathan Quick without a rebound.
11:57 of 2nd period - Kyle Calder wins face-off versus Derick Brassard in Nordiques zone.
12:13 of 2nd period - Kyle Calder is hit by Joni Pitkanen and loses puck.
12:52 of 2nd period - Matt Gilroy is hit by Kyle Brodziak and loses puck.
17:14 of 2nd period - Antoine Roussel is hit by Michael Ryder and loses puck.
17:29 of 2nd period - Marek Svatos is hit by Mike Green and loses puck.
17:42 of 2nd period - Steve Ott is hit by Tim Connolly.
17:54 of 2nd period - Ladislav Smid is hit by Dustin Byfuglien and loses puck.
18:13 of 2nd period - Ladislav Smid is hit by T.J. Fast and loses puck.
18:35 of 2nd period - Tyler Kennedy is hit by Paul Gaustad.
18:39 of 2nd period - Matt Gilroy is hit by Tyler Kennedy and loses puck.
18:46 of 2nd period - Snap shot by Peter Regin.
18:46 of 2nd period - Deflect By Tyler Kennedy.
18:46 of 2nd period - Stopped by Jonathan Quick without a rebound.
18:47 of 2nd period - Ryan Johansen wins face-off versus Tim Connolly in Nordiques zone.
18:50 of 2nd period - Snap shot by Taylor Pyatt.
18:50 of 2nd period - Goal by Taylor Pyatt - Nordiques : 2 - Blackhawks : 2.
18:51 of 2nd period - Daniel Briere wins face-off versus Derick Brassard in neutral zone.
19:03 of 2nd period - Minor Penalty to Ryan Ellis for Holding.
19:04 of 2nd period - Marek Svatos wins face-off versus Derick Brassard in Nordiques zone.
19:30 of 2nd period - Mark Eaton is hit by Tyler Kennedy and loses puck.
19:48 of 2nd period - Off-side.
19:49 of 2nd period - Vladimir Tarasenko wins face-off versus Derick Brassard in neutral zone.
Goals for this period are 2 for Nordiques vs 1 for Blackhawks.
Shots for this period are 5 for Nordiques vs 6 for Blackhawks.
3rd period
0:01 of 3rd period - Derick Brassard wins face-off versus Marek Svatos in neutral zone.
0:26 of 3rd period - Mark Eaton is hit by Tyler Kennedy and loses puck.
0:31 of 3rd period - Wrist shot by Tyler Kennedy.
0:31 of 3rd period - Stopped by Jonathan Quick with a rebound.
1:00 of 3rd period - Minor Penalty to Chad Larose for Hooking.
1:01 of 3rd period - Daniel Briere wins face-off versus Derick Brassard in Blackhawks zone.
1:03 of 3rd period - Penalty to Ryan Ellis is over, Ryan Ellis is back on ice.
1:09 of 3rd period - Snap shot by Daniel Briere.
1:09 of 3rd period - Stopped by Jimmy Howard without a rebound.
1:10 of 3rd period - Derick Brassard wins face-off versus Daniel Briere in Blackhawks zone.
2:34 of 3rd period - Snap shot by Daniel Briere.
2:34 of 3rd period - Shot Misses the Net.
2:50 of 3rd period - Dustin Byfuglien is hit by Ryan Johansen and loses puck.
2:51 of 3rd period - Dustin Byfuglien from Nordiques is injured at 2:51 of 3rd period (Left Forearm).
2:52 of 3rd period - Derick Brassard wins face-off versus Daniel Briere in Nordiques zone.
3:00 of 3rd period - Penalty to Chad Larose is over, Chad Larose is back on ice.
3:25 of 3rd period - Tim Connolly is hit by Peter Regin and loses puck.
3:46 of 3rd period - Wrist shot by Jean-Pierre Dumont.
3:46 of 3rd period - Stopped by Jimmy Howard with a rebound.
4:10 of 3rd period - Snap shot by Rich Peverley.
4:10 of 3rd period - Shot Blocked by Tomas Kaberle.
4:12 of 3rd period - Slapshot by Ryan Ellis.
4:12 of 3rd period - Stopped by Jimmy Howard with a rebound.
4:14 of 3rd period - Slapshot by Ryan Ellis.
4:14 of 3rd period - Shot Misses the Net.
4:16 of 3rd period - Snap shot by Rich Peverley.
4:16 of 3rd period - Stopped by Jimmy Howard without a rebound.
4:17 of 3rd period - Peter Regin wins face-off versus Daniel Briere in Blackhawks zone.
4:32 of 3rd period - Snap shot by R.J. Umberger.
4:32 of 3rd period - Shot Misses the Net.
5:10 of 3rd period - Wrist shot by Matt Moulson.
5:10 of 3rd period - Deflect By Jean-Pierre Dumont.
5:10 of 3rd period - Stopped by Jimmy Howard with a rebound.
5:12 of 3rd period - Wrist shot by Paul Gaustad.
5:12 of 3rd period - Shot Misses the Net.
5:14 of 3rd period - Wrist shot by Matt Moulson.
5:14 of 3rd period - Stopped by Jimmy Howard with a rebound.
5:16 of 3rd period - Wrist shot by Jean-Pierre Dumont.
5:16 of 3rd period - Stopped by Jimmy Howard with a rebound.
5:52 of 3rd period - Slapshot by R.J. Umberger.
5:52 of 3rd period - Stopped by Jimmy Howard with a rebound.
5:54 of 3rd period - Wrist shot by Daniel Briere.
5:54 of 3rd period - Shot Misses the Net.
5:56 of 3rd period - Wrist shot by R.J. Umberger.
5:56 of 3rd period - Stopped by Jimmy Howard with a rebound.
5:58 of 3rd period - Wrist shot by R.J. Umberger.
5:58 of 3rd period - Stopped by Jimmy Howard without a rebound.
5:59 of 3rd period - Derick Brassard wins face-off versus Tim Connolly in Blackhawks zone.
6:33 of 3rd period - Slapshot by Denis Grebeshkov.
6:33 of 3rd period - Shot Blocked by Marek Svatos.
6:53 of 3rd period - Slapshot by Mark Eaton.
6:53 of 3rd period - Deflect By Jean-Pierre Dumont.
6:53 of 3rd period - Shot Blocked by Derick Brassard.
6:53 of 3rd period - Puck is out of play.
6:54 of 3rd period - Peter Regin wins face-off versus Tim Connolly in Blackhawks zone.
7:00 of 3rd period - Double Minor Penalty to Tyler Kennedy for Roughing.
7:01 of 3rd period - Daniel Briere wins face-off versus Derick Brassard in Blackhawks zone.
7:41 of 3rd period - Daniel Briere is hit by Tomas Fleischmann and loses puck.
8:21 of 3rd period - Tim Connolly is hit by Joni Pitkanen and loses puck.
9:45 of 3rd period - Fedor Tyutin is hit by Ryan Johansen and loses puck.
11:00 of 3rd period - Penalty to Tyler Kennedy is over, Tyler Kennedy is back on ice.
11:23 of 3rd period - Off-side.
11:24 of 3rd period - Rich Peverley wins face-off versus Peter Regin in neutral zone.
11:49 of 3rd period - Matt Moulson is hit by Chad Larose and loses puck.
12:00 of 3rd period - Snap shot by Taylor Pyatt.
12:00 of 3rd period - Deflect By Ryan Johansen.
12:00 of 3rd period - Shot Misses the Net.
12:00 of 3rd period - Puck is out of play.
12:01 of 3rd period - Ryan Johansen wins face-off versus Tim Connolly in Nordiques zone.
12:10 of 3rd period - Ryan Johansen is hit by Ryan Ellis and loses puck.
13:18 of 3rd period - Tomas Kaberle is hit by Tim Connolly and loses puck.
13:29 of 3rd period - Derick Brassard is hit by Jean-Pierre Dumont and loses puck.
14:25 of 3rd period - Mike Green is hit by Fedor Tyutin and loses puck.
14:30 of 3rd period - Slapshot by Ryan Ellis.
14:30 of 3rd period - Goal by Ryan Ellis - Nordiques : 3 - Blackhawks : 2.
14:31 of 3rd period - Derick Brassard wins face-off versus Daniel Briere in neutral zone.
14:44 of 3rd period - Wrist shot by Derick Brassard.
14:44 of 3rd period - Shot Misses the Net.
14:46 of 3rd period - Wrist shot by Mike Green.
14:46 of 3rd period - Shot Misses the Net.
14:48 of 3rd period - Wrist shot by Joni Pitkanen.
14:48 of 3rd period - Deflect By Derick Brassard.
14:48 of 3rd period - Goal by Derick Brassard - Nordiques : 3 - Blackhawks : 3.
14:49 of 3rd period - Daniel Briere wins face-off versus Derick Brassard in neutral zone.
15:45 of 3rd period - Slapshot by Kyle Calder.
15:45 of 3rd period - Shot Blocked by Tomas Kaberle.
16:05 of 3rd period - Slapshot by Marek Svatos.
16:05 of 3rd period - Stopped by Jimmy Howard without a rebound.
16:06 of 3rd period - Derick Brassard wins face-off versus Daniel Briere in Blackhawks zone.
16:06 of 3rd period - Derick Brassard is hit by Ryan Ellis.
16:09 of 3rd period - Icing by Mike Green.
16:10 of 3rd period - Daniel Briere wins face-off versus Derick Brassard in Blackhawks zone.
16:15 of 3rd period - Wrist shot by Daniel Briere.
16:15 of 3rd period - Stopped by Jimmy Howard with a rebound.
16:29 of 3rd period - Chad Larose is hit by R.J. Umberger and loses puck.
16:46 of 3rd period - Slapshot by Paul Gaustad.
16:46 of 3rd period - Deflect By Derick Brassard.
16:46 of 3rd period - Stopped by Jimmy Howard with a rebound.
16:48 of 3rd period - Slapshot by Matt Moulson.
16:48 of 3rd period - Stopped by Jimmy Howard with a rebound.
16:50 of 3rd period - Slapshot by Ryan Ellis.
16:50 of 3rd period - Stopped by Jimmy Howard with a rebound.
17:08 of 3rd period - Wrist shot by Mike Green.
17:08 of 3rd period - Deflect By Tim Connolly.
17:08 of 3rd period - Stopped by Jonathan Quick with a rebound.
17:26 of 3rd period - Snap shot by Tomas Fleischmann.
17:26 of 3rd period - Shot Blocked by Matt Gilroy.
17:58 of 3rd period - Slapshot by Paul Gaustad.
17:58 of 3rd period - Shot Blocked by Denis Grebeshkov.
18:39 of 3rd period - Slapshot by Ryan Ellis.
18:39 of 3rd period - Shot Misses the Net.
18:58 of 3rd period - Antoine Roussel is hit by Daniel Briere.
19:24 of 3rd period - Jean-Pierre Dumont is hit by Spencer Machacek and loses puck.
19:29 of 3rd period - Wrist shot by Jaden Schwartz.
19:29 of 3rd period - Shot Misses the Net.
Goals for this period are 1 for Nordiques vs 1 for Blackhawks.
Shots for this period are 16 for Nordiques vs 3 for Blackhawks.
Overtime #1
0:01 of 1st overtime period - Daniel Briere wins face-off versus Derick Brassard in neutral zone.
0:04 of 1st overtime period - Slapshot by Ryan Ellis.
0:04 of 1st overtime period - Shot Misses the Net.
0:47 of 1st overtime period - Snap shot by Marek Svatos.
0:47 of 1st overtime period - Shot Misses the Net.
1:28 of 1st overtime period - Slapshot by Joni Pitkanen.
1:28 of 1st overtime period - Deflect By Kyle Brodziak.
1:28 of 1st overtime period - Shot Blocked by Mark Eaton.
1:28 of 1st overtime period - Puck is out of play.
1:29 of 1st overtime period - Derick Brassard wins face-off versus Paul Gaustad in Nordiques zone.
2:10 of 1st overtime period - Mike Green is hit by Fedor Tyutin and loses puck.
3:05 of 1st overtime period - Ryan Ellis is hit by Joni Pitkanen and loses puck.
4:55 of 1st overtime period - Tomas Fleischmann is hit by R.J. Umberger and loses puck.
Goals for this period are 0 for Nordiques vs 0 for Blackhawks.
Shots for this period are 0 for Nordiques vs 0 for Blackhawks.
ShootOut
5:00 of 1st overtime period - Penalty Shot by Marek Svatos for Nordiques.
5:00 of 1st overtime period - Deke by Marek Svatos.
5:00 of 1st overtime period - Stopped by Jimmy Howard.
5:00 of 1st overtime period - Penalty Shot by Derick Brassard for Blackhawks.
5:00 of 1st overtime period - Wrist shot by Derick Brassard.
5:00 of 1st overtime period - Stopped by Jonathan Quick.
5:00 of 1st overtime period - Penalty Shot by Tim Connolly for Nordiques.
5:00 of 1st overtime period - Backhand shot by Tim Connolly.
5:00 of 1st overtime period - Goal by Tim Connolly.
5:00 of 1st overtime period - Penalty Shot by Antoine Roussel for Blackhawks.
5:00 of 1st overtime period - Wrist shot by Antoine Roussel.
5:00 of 1st overtime period - Stopped by Jonathan Quick.
5:00 of 1st overtime period - Penalty Shot by Vladimir Tarasenko for Nordiques.
5:00 of 1st overtime period - Deke by Vladimir Tarasenko.
5:00 of 1st overtime period - Shot Misses the Net.
5:00 of 1st overtime period - Penalty Shot by Peter Regin for Blackhawks.
5:00 of 1st overtime period - Wrist shot by Peter Regin.
5:00 of 1st overtime period - Stopped by Jonathan Quick.
Back to the Top